TOP OF THE 1ST |
Oklahoma State Cowboys batting - Pitching for Iowa Hawkeyes : RHP Félix Aguilar Jr.
|
Pitching: RHP Félix Aguilar Jr.
|
|
Batting: RHB Ricardo Toledo
|
0-0: Called Strike 0-1: Ball 1-1: Foul Ball, location: 2F 1-2: Strikes out swinging, 2-3 out at first.
|
Batting: SHB Simon Spencer
|
0-0: Ball 1-0: Ball 2-0: Called Strike 2-1: Fly out, F8 (Flyball, 89D)
|
Batting: SHB Jacob Lachance
|
0-0: Ball 1-0: Ball 2-0: Ball 3-0: Base on Balls
|
Batting: RHB Geoffrey Billings
|
0-0: Ball 1-0: Fielders Choice at 2nd, 6-4 (Groundball, 6)
|
Top of the 1st over - 0 runs, 0 hits, 0 errors, 1 left on base; Oklahoma State 0 - Iowa 0 |
BOTTOM OF THE 1ST |
Iowa Hawkeyes batting - Pitching for Oklahoma State Cowboys : RHP Alfonso Rodríguez
|
Pitching: RHP Alfonso Rodríguez
|
|
Batting: RHB Jim Sharry
|
0-0: Ball 1-0: Foul Ball, location: 2F 1-1: Called Strike 1-2: Strikes out swinging
|
Batting: RHB Dan Perkins
|
0-0: Called Strike 0-1: Swinging Strike 0-2: Fly out, F4 (Line Drive, 4M)
|
Batting: LHB Jesús Torres
|
0-0: Called Strike 0-1: Ground out 4-3 (Groundball, 4)
|
Bottom of the 1st over - 0 runs, 0 hits, 0 errors, 0 left on base; Oklahoma State 0 - Iowa 0 |
TOP OF THE 2ND |
Oklahoma State Cowboys batting - Pitching for Iowa Hawkeyes : RHP Félix Aguilar Jr.
|
Batting: RHB Hank Quinn
|
0-0: Called Strike 0-1: Ball 1-1: SINGLE (Groundball, 6MD)
|
Batting: RHB Tony Swanson
|
0-0: Ball 1-0: Called Strike 1-1: Called Strike 1-2: Strikes out swinging
|
Batting: RHB Álex Guzmán
|
0-0: 2-RUN HOME RUN (Line Drive, 7LD), Distance : 327 ft
|
Batting: RHB Flynn Roberts
|
0-0: Ball 1-0: Foul Ball, location: 2F 1-1: Ball 2-1: Called Strike 2-2: Foul Ball, location: 2F 2-2: Strikes out looking
|
Batting: RHB Stephen Olvera
|
0-0: Fly out, F2 (Popup, 2RF)
|
Top of the 2nd over - 2 runs, 2 hits, 0 errors, 0 left on base; Oklahoma State 2 - Iowa 0 |
BOTTOM OF THE 2ND |
Iowa Hawkeyes batting - Pitching for Oklahoma State Cowboys : RHP Alfonso Rodríguez
|
Batting: RHB Jim Jones
|
0-0: Called Strike 0-1: Ball 1-1: Swinging Strike 1-2: Ball 2-2: Strikes out swinging
|
Batting: LHB Fletcher White
|
0-0: Called Strike 0-1: Ball 1-1: Ball 2-1: Foul Ball, location: 2F 2-2: Ball 3-2: Fly out, F8 (Line Drive, 8LM)
|
Batting: LHB Foster Clark
|
0-0: Called Strike 0-1: Foul Ball, location: 2F 0-2: Ball 1-2: Strikes out swinging
|
Bottom of the 2nd over - 0 runs, 0 hits, 0 errors, 0 left on base; Oklahoma State 2 - Iowa 0 |
TOP OF THE 3RD |
Oklahoma State Cowboys batting - Pitching for Iowa Hawkeyes : RHP Félix Aguilar Jr.
|
Batting: RHB Ricardo Toledo
|
0-0: Called Strike 0-1: Ball 1-1: Ball 2-1: Called Strike 2-2: Strikes out swinging, 2-3 out at first.
|
Batting: SHB Simon Spencer
|
0-0: Foul Ball, location: 2F 0-1: Called Strike 0-2: Ball 1-2: Foul Ball, location: 2F 1-2: Ball 2-2: Ball 3-2: Base on Balls
|
Batting: SHB Jacob Lachance
|
0-0: Called Strike 0-1: Ball 1-1: Fly out, F8 (Flyball, 8LM)
|
Batting: RHB Geoffrey Billings
|
0-0: Foul Ball, location: 2F 0-1: Ball 1-1: SINGLE (Line Drive, 6D) Simon Spencer to second
|
Batting: RHB Hank Quinn
|
0-0: Called Strike 0-1: Ball 1-1: Called Strike 1-2: Ball 2-2: Foul Ball, location: 2F 2-2: Strikes out swinging
|
Top of the 3rd over - 0 runs, 1 hit, 0 errors, 2 left on base; Oklahoma State 2 - Iowa 0 |
BOTTOM OF THE 3RD |
Iowa Hawkeyes batting - Pitching for Oklahoma State Cowboys : RHP Alfonso Rodríguez
|
Batting: RHB John Phillips
|
0-0: Fly out, F9 (Flyball, 8RS)
|
Batting: RHB Jack Black
|
0-0: Called Strike 0-1: Ball 1-1: Ball 2-1: Ball 3-1: Foul Ball, location: 2F 3-2: Fly out, F8 (Flyball, 8RXD)
|
Batting: RHB Bill Wells
|
0-0: Called Strike 0-1: Ball 1-1: Ball 2-1: Foul Ball, location: 2F 2-2: Ball 3-2: Base on Balls
|
Batting: RHB Jim Sharry
|
0-0: Ball 1-0: Ball 2-0: Foul Ball, location: 2F 2-1: Fielders Choice at 2nd, 6-4 (Groundball, 6)
|
Bottom of the 3rd over - 0 runs, 0 hits, 0 errors, 1 left on base; Oklahoma State 2 - Iowa 0 |
TOP OF THE 4TH |
Oklahoma State Cowboys batting - Pitching for Iowa Hawkeyes : RHP Félix Aguilar Jr.
|
Batting: RHB Tony Swanson
|
0-0: Called Strike 0-1: Bunt missed! 0-2: Ball 1-2: SINGLE (Line Drive, 89S)
|
Batting: RHB Álex Guzmán
|
0-0: Ball 1-0: Ball 2-0: Foul Ball, location: 2F 2-1: Ball 3-1: Foul Ball, location: 2F 3-2: Foul Ball, location: 2F 3-2: SINGLE (Line Drive, 78S) Tony Swanson to second
|
Batting: RHB Flynn Roberts
|
0-0: Foul Ball, location: 2F 0-1: Foul Ball, location: 2F 0-2: Strikes out swinging
|
Batting: RHB Stephen Olvera
|
0-0: Ball 1-0: Ball 2-0: Foul Ball, location: 2F 2-1: Fly out, F9 (Flyball, 89M)
|
Batting: RHB Ricardo Toledo
|
0-0: Ball 1-0: Ball 2-0: Called Strike 2-1: SINGLE (Groundball, 4MD) Tony Swanson to third Álex Guzmán to second Runner from 3rd tries for Home, SAFE, no throw
|
Batting: SHB Simon Spencer
|
0-0: Foul Ball, location: 2F 0-1: Called Strike 0-2: Ball 1-2: Ground out 3-1 (Groundball, 34)
|
Top of the 4th over - 1 run, 3 hits, 0 errors, 2 left on base; Oklahoma State 3 - Iowa 0 |
BOTTOM OF THE 4TH |
Iowa Hawkeyes batting - Pitching for Oklahoma State Cowboys : RHP Alfonso Rodríguez
|
Batting: RHB Dan Perkins
|
0-0: Called Strike 0-1: Ball 1-1: Called Strike 1-2: SINGLE (Line Drive, 56D)
|
Batting: LHB Jesús Torres
|
0-0: Ball Dan Perkins is caught stealing 2nd base 1-0: Ball 2-0: Called Strike 2-1: Ball 3-1: Foul Ball, location: 2F 3-2: Fly out, F7 (Flyball, 78S)
|
Batting: RHB Jim Jones
|
0-0: Called Strike 0-1: SINGLE (Groundball, 34D)
|
Batting: LHB Fletcher White
|
0-0: Fly out, F8 (Flyball, 8LXD)
|
Bottom of the 4th over - 0 runs, 2 hits, 0 errors, 1 left on base; Oklahoma State 3 - Iowa 0 |
TOP OF THE 5TH |
Oklahoma State Cowboys batting - Pitching for Iowa Hawkeyes : RHP Félix Aguilar Jr.
|
Batting: SHB Jacob Lachance
|
0-0: Ball 1-0: Ball 2-0: Foul Ball, location: 2F 2-1: Ball 3-1: Base on Balls
|
Pitching: RHP Alejandro Ortíz
|
|
Batting: RHB Geoffrey Billings
|
0-0: Ball 1-0: Foul Ball, location: 2F 1-1: Foul Ball, location: 2F 1-2: Ball 2-2: Ball 3-2: Fly out, F7 (Flyball, 7)
|
Batting: RHB Hank Quinn
|
0-0: Ball 1-0: Called Strike 1-1: Called Strike 1-2: Ball 2-2: Foul Ball, location: 2F 2-2: Ball 3-2: Foul Ball, location: 2F 3-2: Fly out, F8 (Flyball, 8RD)
|
Batting: RHB Tony Swanson
|
0-0: Ball Wild Pitch! Jacob Lachance to second 1-0: Intentional Walk
|
Batting: RHB Álex Guzmán
|
0-0: Foul Ball, location: 2F 0-1: Ball 1-1: Foul Ball, location: 2F 1-2: SINGLE (Groundball, 5D) Jacob Lachance to third Tony Swanson to second Runner from 3rd tries for Home, SAFE, no throw
|
Batting: RHB Flynn Roberts
|
0-0: Ball 1-0: Called Strike 1-1: Foul Ball, location: 2F 1-2: Fielders Choice at 2nd, 5-4 (Groundball, 56)
|
Top of the 5th over - 1 run, 1 hit, 0 errors, 2 left on base; Oklahoma State 4 - Iowa 0 |
BOTTOM OF THE 5TH |
Iowa Hawkeyes batting - Pitching for Oklahoma State Cowboys : RHP Alfonso Rodríguez
|
Batting: LHB Foster Clark
|
0-0: Fly out, F9 (Flyball, 9)
|
Batting: RHB John Phillips
|
0-0: Ball 1-0: Ball 2-0: Called Strike 2-1: Foul Ball, location: 2F 2-2: Ground out 6-3 (Groundball, 6)
|
Batting: RHB Jack Black
|
0-0: Called Strike 0-1: Ball 1-1: Foul Ball, location: 2F 1-2: Ball 2-2: Ball 3-2: Base on Balls
|
Batting: RHB Bill Wells
|
0-0: Ball 1-0: Ball 2-0: Fielders Choice at 2nd, 5-4 (Groundball, 56)
|
Bottom of the 5th over - 0 runs, 0 hits, 0 errors, 1 left on base; Oklahoma State 4 - Iowa 0 |
TOP OF THE 6TH |
Oklahoma State Cowboys batting - Pitching for Iowa Hawkeyes : RHP Alejandro Ortíz
|
Batting: RHB Stephen Olvera
|
0-0: Called Strike 0-1: Ball 1-1: Swinging Strike 1-2: Ball 2-2: Foul Ball, location: 2F 2-2: Ball 3-2: Base on Balls
|
Batting: RHB Ricardo Toledo
|
0-0: Foul Ball, location: 2F 0-1: Foul Ball, location: 2F 0-2: Strikes out swinging
|
Batting: SHB Simon Spencer
|
0-0: Ball 1-0: Ball 2-0: Foul Ball, location: 2F 2-1: Foul Ball, location: 2F Pickoff Throw to First - Error! E1 Stephen Olvera to second 2-2: Foul Ball, location: 2F 2-2: Foul Ball, location: 2F 2-2: Strikes out swinging
|
Batting: SHB Jacob Lachance
|
0-0: Intentional Walk
|
Batting: RHB Geoffrey Billings
|
0-0: Ball 1-0: Ball 2-0: Called Strike 2-1: SINGLE (Line Drive, 8LS) Stephen Olvera to third Jacob Lachance to second Runner from 3rd tries for Home, SAFE, no throw
|
Batting: RHB Hank Quinn
|
0-0: Called Strike 0-1: Ball 1-1: Foul Ball, location: 2F 1-2: Ball 2-2: SINGLE (Groundball, 56D) Jacob Lachance to third Geoffrey Billings to second Runner from 3rd tries for Home, SAFE, no throw
|
Batting: RHB Tony Swanson
|
0-0: Called Strike 0-1: Called Strike 0-2: Fly out, F8 (Flyball, 8RD)
|
Top of the 6th over - 2 runs, 2 hits, 1 error, 2 left on base; Oklahoma State 6 - Iowa 0 |
BOTTOM OF THE 6TH |
Iowa Hawkeyes batting - Pitching for Oklahoma State Cowboys : RHP Alfonso Rodríguez
|
Batting: RHB Jim Sharry
|
0-0: Ball 1-0: Called Strike 1-1: SINGLE (Line Drive, 7S)
|
Batting: RHB Dan Perkins
|
0-0: Called Strike 0-1: Called Strike 0-2: Ball 1-2: Ball 2-2: Ball 3-2: Base on Balls Jim Sharry to second
|
Batting: LHB Jesús Torres
|
0-0: Called Strike 0-1: Foul Ball, location: 2F 0-2: Foul Ball, location: 2F 0-2: Ball 1-2: Fielders Choice at 2nd, 6-4 (Groundball, 6) Jim Sharry to third
|
Pitching: RHP Preston Holman
|
|
Batting: RHB Jim Jones
|
0-0: Ball 1-0: Ball 2-0: SINGLE (Line Drive, 6D) Jim Sharry scores Jesús Torres to second
|
Batting: LHB Fletcher White
|
0-0: Foul Ball, location: 2F 0-1: 3-RUN HOME RUN (Flyball, 89XD), Distance : 374 ft
|
Pitching: RHP Keith Crabtree
|
|
Batting: LHB Foster Clark
|
0-0: Called Strike 0-1: Swinging Strike 0-2: Ball 1-2: Ball 2-2: Fly out, F6 (Line Drive, 4M)
|
Batting: RHB John Phillips
|
0-0: Called Strike 0-1: Ball 1-1: Foul Ball, location: 2F 1-2: Strikes out swinging
|
Bottom of the 6th over - 4 runs, 3 hits, 0 errors, 0 left on base; Oklahoma State 6 - Iowa 4 |
TOP OF THE 7TH |
Oklahoma State Cowboys batting - Pitching for Iowa Hawkeyes : RHP Alejandro Ortíz
|
Pitching: RHP Júlio Reyes
|
|
Batting: RHB Álex Guzmán
|
0-0: Called Strike 0-1: Ball 1-1: Swinging Strike 1-2: Foul Ball, location: 2F 1-2: Ball 2-2: Ball 3-2: Strikes out looking
|
Batting: RHB Flynn Roberts
|
0-0: Called Strike 0-1: Ball 1-1: Swinging Strike 1-2: Strikes out swinging
|
Batting: RHB Stephen Olvera
|
0-0: Called Strike 0-1: Ball 1-1: Foul Ball, location: 2F 1-2: Foul Ball, location: 2F 1-2: Strikes out looking
|
Top of the 7th over - 0 runs, 0 hits, 0 errors, 0 left on base; Oklahoma State 6 - Iowa 4 |
BOTTOM OF THE 7TH |
Iowa Hawkeyes batting - Pitching for Oklahoma State Cowboys : RHP Keith Crabtree
|
Batting: RHB Jack Black
|
0-0: Foul Ball, location: 2F 0-1: Ball 1-1: Called Strike 1-2: Foul Ball, location: 2F 1-2: Strikes out looking
|
Batting: RHB Bill Wells
|
0-0: Called Strike 0-1: SOLO HOME RUN (Flyball, 7D), Distance : 352 ft
|
Batting: RHB Jim Sharry
|
0-0: Called Strike 0-1: Foul Ball, location: 2F 0-2: Ball 1-2: Ball 2-2: Strikes out swinging
|
Batting: RHB Dan Perkins
|
0-0: Bunt missed! 0-1: Ball 1-1: Ball 2-1: Foul Ball, location: 2F 2-2: Foul Ball, location: 2F 2-2: Ball 3-2: Base on Balls
|
Batting: LHB Jesús Torres
|
0-0: Ball 1-0: Ground out 3-1 (Groundball, 34S)
|
Bottom of the 7th over - 1 run, 1 hit, 0 errors, 1 left on base; Oklahoma State 6 - Iowa 5 |
TOP OF THE 8TH |
Oklahoma State Cowboys batting - Pitching for Iowa Hawkeyes : RHP Júlio Reyes
|
Batting: RHB Ricardo Toledo
|
0-0: Swinging Strike 0-1: Called Strike 0-2: Strikes out swinging
|
Batting: SHB Simon Spencer
|
0-0: Swinging Strike 0-1: Ball 1-1: Fly out, F7 (Flyball, 7)
|
Batting: SHB Jacob Lachance
|
0-0: Called Strike 0-1: Foul Ball, location: 2F 0-2: Ball 1-2: Foul Ball, location: 2F 1-2: Strikes out swinging
|
Top of the 8th over - 0 runs, 0 hits, 0 errors, 0 left on base; Oklahoma State 6 - Iowa 5 |
BOTTOM OF THE 8TH |
Iowa Hawkeyes batting - Pitching for Oklahoma State Cowboys : RHP Keith Crabtree
|
Batting: RHB Jim Jones
|
0-0: Called Strike 0-1: SINGLE (Groundball, 34S) (infield hit)
|
Pitching: LHP Michel Sharkey
|
|
Pinch Hitting: LHB José Gonzáles
|
0-0: Fly out, F2 (Popup, 13S)
|
Batting: LHB Foster Clark
|
0-0: Ball 1-0: Ball 2-0: Grounds into double play, U6-3 (Groundball, 4MD)
|
Bottom of the 8th over - 0 runs, 1 hit, 0 errors, 0 left on base; Oklahoma State 6 - Iowa 5 |
TOP OF THE 9TH |
Oklahoma State Cowboys batting - Pitching for Iowa Hawkeyes : RHP Júlio Reyes
|
Pitching: RHP Paul Smith
|
|
Now in CF: José Gonzáles
|
|
Batting: RHB Geoffrey Billings
|
0-0: Foul Ball, location: 2F 0-1: Ball 1-1: Foul Ball, location: 2F 1-2: Foul Ball, location: 2F 1-2: Fly out, F8 (Flyball, 8LD)
|
Batting: RHB Hank Quinn
|
0-0: Ball 1-0: SOLO HOME RUN (Flyball, 7D), Distance : 370 ft
|
Batting: RHB Tony Swanson
|
0-0: Ball 1-0: Ball 2-0: Ball 3-0: Base on Balls
|
Batting: RHB Álex Guzmán
|
0-0: Called Strike Tony Swanson steals 2nd base 0-1: Swinging Strike 0-2: Foul Ball, location: 2F 0-2: Ball 1-2: SINGLE (Groundball, 6D) Tony Swanson to third Runner from 3rd tries for Home, SAFE, no throw
|
Batting: RHB Flynn Roberts
|
0-0: Ball Álex Guzmán is caught stealing 2nd base 1-0: Ball 2-0: Fly out, F4 (Line Drive, 4M)
|
Top of the 9th over - 2 runs, 2 hits, 0 errors, 0 left on base; Oklahoma State 8 - Iowa 5 |
BOTTOM OF THE 9TH |
Iowa Hawkeyes batting - Pitching for Oklahoma State Cowboys : LHP Michel Sharkey
|
Pitching: RHP Alberto Pérez
|
|
Batting: RHB John Phillips
|
0-0: Fly out, F9 (Flyball, 9S)
|
Batting: RHB Jack Black
|
0-0: Ball 1-0: Foul Ball, location: 2F 1-1: Ball 2-1: Ball 3-1: Base on Balls
|
Batting: RHB Bill Wells
|
0-0: Foul Ball, location: 2F 0-1: Called Strike 0-2: Ball 1-2: Ball 2-2: Ball 3-2: Base on Balls Jack Black to second
|
Batting: RHB Jim Sharry
|
0-0: Fly out, F7 (Flyball, 7S)
|
Batting: RHB Dan Perkins
|
0-0: Foul Ball, location: 2F 0-1: Foul Ball, location: 2F 0-2: Ball 1-2: Foul Ball, location: 2F 1-2: Foul Ball, location: 2F 1-2: Foul Ball, location: 2F 1-2: Foul Ball, location: 2F 1-2: Foul Ball, location: 2F 1-2: DOUBLE (Line Drive, 7LM) Jack Black scores Bill Wells to third
|
Batting: LHB Jesús Torres
|
0-0: Called Strike 0-1: Fly out, F9 (Flyball, 9S)
|
Bottom of the 9th over - 1 run, 1 hit, 0 errors, 2 left on base; Oklahoma State 8 - Iowa 6 |
|